 Dungeon Crawl Stone Soup version 0.27-a0-522-g46bbb28828 (webtiles) character file.

Game seed: 9700151150367786202

30 Frqise the Skirmisher (level 3, -5/33 HPs)
             Began as a Ghoul Monk on Mar 5, 2021.
             Slain by Natasha (8 damage)
             ... on level 2 of the Dungeon.
             The game lasted 00:07:18 (1604 turns).

Frqise the Skirmisher (Ghoul Monk)                  Turns: 1604, Time: 00:07:21

Health: -5/33      AC:  3    Str: 15    XL:     3   Next: 18%
Magic:  2/2        EV: 12    Int:  5    God:
Gold:   38         SH:  5    Dex: 11    Spells: 2/2 levels left

rFire    . . .     SeeInvis .   a - +0 mace
rCold    + . .     Faith    .   (no shield)
rNeg     + + +     Spirit   .   f - +0 leather armour
rPois    ∞         Reflect  +   (no helmet)
rElec    .         Harm     .   (no cloak)
rCorr    .         Rampage  .   (no gloves)
Will     .....                  (no boots)
Stlth    ++........             c - amulet of reflection
HPRegen  0.00/turn              (no ring)
MPRegen  0.08/turn              (no ring)

@: slowed, very slow
A: claws 1, cold resistance 1, negative energy resistance 3, inhibited
regeneration, torment resistance, unbreathing 1
a: no special abilities


You were on level 2 of the Dungeon.
You visited 1 branch of the dungeon, and saw 2 of its levels.

You collected 38 gold pieces.

Inventory:

Hand Weapons
 a - a +0 mace (weapon)
Armour
 f - a +0 leather armour (worn)
Jewellery
 c - an amulet of reflection (around neck)
Scrolls
 d - a scroll of amnesia {unknown}
 e - a scroll of enchant armour {unknown}


   Skills:
 + Level 3.7 Fighting
 + Level 3.3 Maces & Flails
 + Level 2.8 Dodging
 + Level 2.3 Stealth


You had 2 spell levels left.
You didn't know any spells.
Your spell library was empty.

Dungeon Overview and Level Annotations

Branches:
Dungeon (2/15)

Altars:

Annotations:
D:2 Natasha


Innate Abilities, Weirdness & Mutations

You thrive by killing the living.
You are immune to poison.
You have sharp fingernails.
Your flesh is cold resistant. (rC+)
You are immune to negative energy. (rN+++)
You do not regenerate when monsters are visible.
You are immune to unholy pain and torment.
You can survive without breathing.


Message History

You start putting on your armour.
You continue putting on your +0 leather armour. x5
You finish putting on your +0 leather armour.
Drop what? 6/52 slots (_ for help) (? for menu, Esc to quit)
You drop a +0 robe.
Natasha, Servant of Life and Death comes into view.
Press: ? - help, v - describe, . - travel The floor.
Natasha hisses angrily.
You hit Natasha but do no damage.
Natasha growls.
Natasha barely misses you. x2
You barely miss Natasha. Natasha claws you!
You hit Natasha but do no damage. Natasha barely misses you.
You closely miss Natasha. You block Natasha's attack.
You miss Natasha.
Natasha stares at you and mumbles some strange words.
The magic dart hits you!
Natasha stares at you and mumbles some strange words.
You feel yourself slow down.
You hit Natasha but do no damage.
Natasha casts a spell.
You barely miss Natasha. Natasha claws you but does no damage.
Natasha casts a spell at you. The magic dart hits you.
You hit Natasha.
Natasha is heavily wounded.
The white imp barely misses you. Natasha barely misses you.
You block the white imp's attack.
Natasha mewls in sadness.
Natasha claws you.
* * * LOW HITPOINT WARNING * * *
You miss Natasha.
Natasha is heavily wounded.
The white imp hits you.
* * * LOW HITPOINT WARNING * * *
The white imp freezes you. You resist.
* * * LOW HITPOINT WARNING * * *
Natasha claws you!
You die...

##########
#.........
#.........
#.........
#.........
#.h5......
##.@.............
#.......##.......
#.......# .....J
#.......# ....#
#.......# ....#
#.......# ....#
#.......##....#
#....[...'....#
#.......##....#


You could see Natasha and a white imp (summoned).

Vanquished Creatures
  An ooze (D:1)
  A leopard gecko (D:1)
  2 giant cockroaches
  3 goblins (D:1)
  2 hobgoblins (D:1)
  2 jackals (D:1)
  6 bats
  A frilled lizard (D:1)
  2 kobolds (D:1)
  6 rats (D:1)
26 creatures vanquished.

Notes
Turn   | Place    | Note
-------+----------+-------------------------------------------
     0 | D:1      | Frqise the Ghoul Monk began the quest for the Orb.
     0 | D:1      | Reached XP level 1. HP: 19/19 MP: 0/0
   150 | D:1      | Reached XP level 2. HP: 12/26 MP: 1/1
  1083 | D:1      | Reached XP level 3. HP: 6/33 MP: 2/2
  1589 | D:2      | Noticed Natasha
  1604 | D:2      | Slain by Natasha

Illustrated notes

Levels and vault maps discovered:
D:1:      evilmike_arrival_crescent, layout_basic
D:2:      kb_forest_paths, layout_basic, minmay_split_cup_large, uniq_jessica,
          uniq_natasha

Skill      XL: |  1 |
---------------+----+-----
Maces & Flails | 3 |  3.3
Fighting       | |  3.7
Dodging        | |  2.8
Stealth        | |  2.3

Action                   || total
-------------------------++-------
Melee: Mace              ||    83
 Stab: Sleeping          ||     2
Armor: Robe              ||    13
       Leather armour    ||     1
Dodge: Dodged            ||    65
Block: Other             ||    21

Table legend: (Time is in decaauts)
 A = Elapsed time spent in this place.
 B = Non-inter-level travel time spent in this place.
 C = Inter-level travel time spent in this place.
 D = Time resting spent in this place.
 E = Time spent auto-exploring this place.
 F = Levels seen in this place.
 G = Mean time per level.
                   A        B        C        D        E       F      G
               +--------+--------+--------+--------+--------+-----+--------+
         Total |   1632 |   1632 |      0 |    989 |    174 |   2 |  816.0 |
       Dungeon |   1632 |   1632 |      0 |    989 |    174 |   2 |  816.0 |
               +--------+--------+--------+--------+--------+-----+--------+

Top non-repeatable levels by time:
     D:1: 1490 daAuts
     D:2: 141 daAuts
